 Dungeon Crawl Stone Soup version 0.28-b1-25-g9875b3fc8c (webtiles) character file.

Game seed: 10573513323207104393

2701 pkoi the Cleaver (level 9, 0/75 HPs)
             Began as a Minotaur Gladiator on Feb 1, 2022.
             Was an Initiate of Makhleb.
             Slain by an ice beast (10 damage)
             ... on level 7 of the Dungeon.
             The game lasted 00:08:18 (7773 turns).

pkoi the Cleaver (Minotaur Gladiator)               Turns: 7773, Time: 00:08:19

Health: 0/75       AC: -2    Str: 22    XL:     9   Next: 38%
Magic:  10/10      EV: 12    Int:  5    God:    Makhleb [......]
Gold:   322        SH:  0    Dex: 13    Spells: 8/8 levels left

rFire   . . .      SeeInvis .   a - +1 war axe (flame)
rCold   . . .      Faith    .   (no shield)
rNeg    . . .      Spirit   .   B - +0 leather armour
rPois   .          Reflect  .   c - +0 hat
rElec   .          Harm     .   k - +0 cloak
rCorr   .          Rampage  .   j - +0 pair of gloves
Will    .....                   (no boots)
Stlth   +.........              (no amulet)
HPRegen 0.22/turn               (no ring)
MPRegen 0.12/turn               (no ring)

@: corroded, studying Bows
A: horns 2, retaliatory headbutt
a: Renounce Religion


You were on level 7 of the Dungeon.
You worshipped Makhleb.
Makhleb was noncommittal.
You visited 2 branches of the dungeon, and saw 9 of its levels.
You also visited: Sewer.

You collected 322 gold pieces.

Inventory:

Hand Weapons
 a - a +1 war axe of flaming (weapon)
 b - a +0 shortbow
 l - the +8 mace "Votausk" {freeze, rC+ rN+ Int+4}
   (You found it on level 2 of the Dungeon)

   It freezes those it strikes, dealing additional cold damage.
   It can also slow down cold-blooded creatures.
   Int:       It affects your intelligence (+4).
   rC:        It protects you from cold.
   rN:        It protects you from negative energy.
 o - a +4 dire flail of freezing
 C - a +0 battleaxe
Missiles
 d - 3 throwing nets
 y - 25 arrows
Armour
 c - a +0 hat (worn)
 j - a +0 pair of gloves (worn)
 k - a +0 cloak (worn)
 B - a +0 leather armour (worn)
Jewellery
 t - an amulet of magic regeneration
Wands
 f - a wand of iceblast (18)
 s - a wand of charming (11)
 u - a wand of digging (5)
 A - a wand of flame (3) (quivered)
Scrolls
 g - 7 scrolls of identify
 p - a scroll of magic mapping
 v - a scroll of brand weapon
Potions
 e - 2 potions of mutation {unknown}
 h - a potion of experience {unknown}
 i - 3 potions of might {unknown}
 m - a potion of haste
 n - 2 potions of brilliance {unknown}
 q - 2 potions of lignification {unknown}
 r - a potion of flight {unknown}
 w - a potion of curing {unknown}
 x - a potion of invisibility {unknown}
 z - a potion of attraction {unknown}
 D - a potion of heal wounds {unknown}
 F - a potion of berserk rage {unknown}


   Skills:
 - Level 6.0 Fighting
 + Level 10.8 Axes
 + Level 2.2 Bows
 - Level 2.0 Throwing
 - Level 3.0 Armour
 - Level 3.2 Dodging
 + Level 3.1 Invocations
 + Level 6.3 Evocations


You had 8 spell levels left.
You didn't know any spells.
Your spell library contained the following spells:

 Spells                   Type           Power      Damage    Failure   Level
 Animate Skeleton         Necr           0%         N/A       52%         1
 Pain                     Necr           0%         1d4       52%         1
 Shock                    Conj/Air       0%         1d3       52%         1
 Ignite Poison            Fire/Tmut/Pois 0%         N/A       88%         3
 Mephitic Cloud           Conj/Pois/Air  0%         N/A       88%         3
 Swiftness                Air            0%         N/A       88%         3
 Vampiric Draining        Necr           0%         2d6       88%         3
 Airstrike                Air            0%         N/A       99%         4
 Animate Armour           Summ/Erth      0%         N/A       99%         4
 Blade Hands              Tmut           0%         N/A       100%        5
 Freezing Cloud           Conj/Ice/Air   0%         6-21      100%        5
 Iron Shot                Conj/Erth      0%         9d1       100%        6


Dungeon Overview and Level Annotations

Branches:
Dungeon (8/15)             Temple (1/1) D:6           Sewer (visited)
   Lair: D:8-11

Altars:
Ashenzari
Cheibriados
Dithmenos
Elyvilon
Fedhas
Hepliaklqana
Kikubaaqudgha
Makhleb
Okawaru
Qazlal
Ru
Sif Muna
Trog
Vehumet
Wu Jian
Xom
Zin
The Shining One

Shops:
D:5 :   D:7 *


Innate Abilities, Weirdness & Mutations

You have a pair of horns on your head.
You reflexively headbutt those who attack you in melee.


Message History

The orc wizard gestures at you while chanting.
The magic dart hits you.
You hit the orc. You burn the orc. You headbutt the orc.
You kill the orc!
Makhleb accepts your kill.
You miss something. The acid dragon spits acid at you.
The splash of acid hits you! The acid corrodes you! Something hits you.
You hear a shout!
You closely miss something. Your headbutt misses something.
Your punch misses something.
An orc comes into view. It is wielding a +0 club.
Something hits you.
You are too injured to fight recklessly!
Unknown command.
You closely miss something. Something barely misses you.
Unknown command.
You hear the faint creaking of a distant portcullis.
A magic dart appears from out of thin air!
The magic dart hits you!
There is a stone staircase leading up here.
The orc wizard reads a scroll.
Wisps of shadow swirl around the orc wizard.
The ice beast barely misses you.
You climb upwards.
Reactivating autopickup.
There is a stone staircase leading down here.
Unknown command.
Unknown command.
You hit the ice beast but do no damage. The ice beast closely misses you.
You hit the ice beast.
You melt the ice beast.
The ice beast is lightly wounded.
The ice beast hits you. The ice beast freezes you!
* * * LOW HITPOINT WARNING * * *
You closely miss the ice beast. Your headbutt misses the ice beast.
The ice beast is lightly wounded.
The ice beast hits you.
* * * LOW HITPOINT WARNING * * *
The ice beast freezes you!
You die...

#######.# #.......#
........# #.......#
########## #.......#
.........# #.......#
...#####.#
#####.#.#############
...# #.#
##.#.............. ...#
#.# #......###########
...#####.####
#.Y...)'..........
.......#....##
#@[....#########.#
##...........# ########
#.# #.....####..######
#.# #.....##.........#
#.# #.....##.........#
#.# #.....##>........#
#.# #.....##......)..#
#.# #..(..##.........#
#.#
###.####.........######
#)#


You could see an ice beast.

Vanquished Creatures
  Grinder (D:3)
  Eustachio (D:5)
  Edmund (D:4)
  Duvessa (D:6)
  2 sky beasts
  A black bear (D:6)
  4 ogres
  A centaur (D:7)
  2 phantoms
  A kobold brigand (D:6)
  2 scorpions (D:4)
  Dowan (D:6)
  6 wights (D:7)
  A bullfrog zombie (D:6)
  A howler monkey (D:5)
  3 jellies (Sewer)
  A gnoll shaman (D:7)
  2 orc priests
  Crazy Yiuf (D:2)
  A centaur skeleton (D:7)
  Jessica (D:3)
  An iguana (D:5)
  3 orc wizards
  A killer bee zombie (D:5)
  3 hound skeletons
  4 gnolls (D:7)
  A howler monkey skeleton (D:5)
  8 adders
  5 river rats
  3 white imps
  An ufetubus (D:5)
  An adder skeleton (D:4)
  4 worms
  3 dart slugs
  11 orcs
  4 ball pythons
  3 bats
  12 endoplasms
  3 giant cockroaches
  5 goblins
  6 hobgoblins
  5 jackals
  3 quokkas (D:4)
  6 frilled lizards
  A jackal skeleton (D:4)
  10 kobolds
  11 rats
153 creatures vanquished.

Vanquished Creatures (others)
  2 plants (D:1)
2 creatures vanquished.

Grand Total: 155 creatures vanquished

Notes
Turn   | Place    | Note
-------+----------+-------------------------------------------
     0 | D:1      | pkoi the Minotaur Gladiator began the quest for the Orb.
     0 | D:1      | Reached XP level 1. HP: 18/18 MP: 0/0
    24 | D:1      | Reached skill level 4 in Axes
   157 | D:1      | Reached XP level 2. HP: 23/25 MP: 1/1
   203 | D:1      | Found a faded altar of an unknown god.
   275 | D:1      | Reached skill level 1 in Armour
  1177 | D:2      | Found a runed translucent door.
  1178 | D:2      | Noticed Crazy Yiuf
  1251 | D:2      | Killed Crazy Yiuf
  1252 | D:2      | Reached XP level 3. HP: 28/31 MP: 2/2
  1261 | D:2      | Identified the +8 mace "Votausk" {freeze, rC+ rN+ Int+4}
  1387 | D:3      | Found an ornate altar of the Wu Jian Council.
  1416 | D:3      | Reached skill level 5 in Axes
  1416 | D:3      | Reached XP level 4. HP: 36/38 MP: 3/3
  1619 | D:3      | Noticed Jessica
  1620 | D:3      | Killed Jessica
  1621 | D:3      | Reached XP level 5. HP: 46/46 MP: 4/4
  2351 | D:3      | Noticed Grinder
  2368 | D:3      | Paralysed by Grinder for 6 turns
  2377 | D:3      | Killed Grinder
  2378 | D:3      | Reached skill level 6 in Axes
  2378 | D:3      | Reached skill level 1 in Evocations
  2378 | D:3      | Reached XP level 6. HP: 9/53 MP: 5/5
  2823 | D:4      | Identified a scroll of acquirement
  2823 | D:4      | Acquired a manual of Bows
  2845 | D:4      | Reached skill level 7 in Axes
  2871 | D:4      | Reached XP level 7. HP: 53/60 MP: 6/6
  2890 | D:4      | Reached skill level 5 in Fighting
  2890 | D:4      | Found a glowing drain.
  2898 | Sewer    | Entered a sewer
  3064 | Sewer    | Found a viscous altar of Jiyva.
  3769 | D:4      | Reached skill level 8 in Axes
  3910 | D:4      | Noticed Edmund
  3922 | D:4      | Killed Edmund
  3923 | D:4      | Reached XP level 8. HP: 27/70 MP: 7/7
  4422 | D:5      | Entered Level 5 of the Dungeon
  4548 | D:5      | Found a broken altar of Ashenzari.
  4739 | D:5      | Reached skill level 9 in Axes
  4816 | D:5      | Found Qare's Book Emporium.
  5146 | D:5      | Noticed Eustachio
  5153 | D:5      | Killed Eustachio
  5282 | D:6      | Reached skill level 5 in Evocations
  5351 | D:6      | Found a burning altar of Makhleb.
  5366 | D:6      | Reached skill level 10 in Axes
  5383 | D:6      | Became a worshipper of Makhleb the Destroyer
  5588 | D:6      | Found a staircase to the Ecumenical Temple.
  5616 | D:6      | Reached skill level 1 in Invocations
  5618 | Temple   | Entered the Ecumenical Temple
  5904 | D:6      | Found a glowing golden altar of the Shining One.
  5978 | D:6      | Reached XP level 9. HP: 59/75 MP: 8/8
  6252 | D:6      | Noticed Duvessa
  6252 | D:6      | Noticed Dowan
  6261 | D:6      | Killed Duvessa
  6265 | D:6      | Killed Dowan
  6942 | D:7      | Identified the +4 flail "Demul" {vorpal, Int+2}
  7122 | D:7      | Reached skill level 1 in Bows
  7188 | D:7      | Found Qiar Ire's CLEARANCE SALE!.
  7770 | D:8      | Noticed a four-headed hydra
  7773 | D:7      | Slain by an ice beast

Illustrated notes

Levels and vault maps discovered:
D:1:      eino_arrival_water_cross, layout_rooms,
          shapermc_ecumenical_altar_ellora, serial_glass, glass_columns_a,
          glass_columns_a
D:2:      layout_basic, grunt_decor_mini_mirrors, serial_bayou_lagoon_b,
          uniq_crazy_yiuf_cottage
D:3:      layout_basic, mainiacjoe_overflow_small_starburst, uniq_jessica,
          uniq_grinder
D:4:      layout_basic, lightli_sewer_entry_pipes, uniq_edmund
D:5:      layout_rooms, mainiacjoe_overflow_alcove_1, serial_shops,
          nicolae_inconvenience_store, uniq_eustachio
D:6:      layout_loops_ring, mainiacjoe_overflow_24_doors,
          nicolae_overflow_crystal_walls, minmay_temple_entry_arrows,
          kennysheep_generic_room_15, uniq_duvessa
D:7:      layout_basic, nicolae_shop_clearance
D:8:      layout_rooms, serial_shops, shop, enter_bailey_2, minmay_bent
Temple:   eino_narrow_crystal_temple

Skill      XL: |  1  2  3  4  5  6  7  8  9 |
---------------+----------------------------+-----
Axes           | 4 5 6 7 8 10 | 10.8
Armour         | 1 2 3 |  3.0
Fighting       | 3 4 6 |  6.0
Evocations     | 1 2 3 5 6 |  6.3
Invocations    | 1 3 |  3.1
Bows           | 2 |  2.2
Throwing       | |  2.0
Dodging        | |  3.2

Action                   |  1- 3 |  4- 6 |  7- 9 || total
-------------------------+-------+-------+-------++-------
Melee: War axe           |    28 |       |    33 ||    61
       Headbutt          |     8 |     9 |    31 ||    48
       Mace              |     7 |    58 |   179 ||   244
       Punch             |       |       |     2 ||     2
       Dire flail        |       |       |     8 ||     8
 Fire: Shortbow          |       |       |     6 ||     6
  Use: Scroll            |     2 |     5 |     3 ||    10
Armor: Leather armour    |     8 |    13 |    49 ||    70
Dodge: Dodged            |    25 |    27 |   134 ||   186
